 Dungeon Crawl Stone Soup version 0.28.0-53-g5a82cb258f (webtiles) character file.

Game seed: 604554329886760085

225 Stomo the Skirmisher (level 5, -29/42 HPs)
             Began as a Demonspawn Fighter on July 23, 2022.
             Killed from afar by Ijyb (34 damage)
             ... with a bolt of acid
             ... on level 4 of the Dungeon.
             The game lasted 00:03:07 (3116 turns).

Stomo the Skirmisher (Demonspawn Fighter)           Turns: 3116, Time: 00:03:08

Health: -29/42     AC:  6    Str: 18    XL:     5   Next: 68%
Magic:  5/5        EV: 19    Int:  9    God:
Gold:   127        SH:  4    Dex: 13    Spells: 4/4 levels left

rFire   . . .      SeeInvis .   a - +0 long sword
rCold   . . .      Faith    .   c - +0 buckler
rNeg    . . .      Spirit   .   b - +0 scale mail
rPois   .          Reflect  .   g - +0 helmet
rElec   .          Harm     .   (no cloak)
rCorr   .          Rampage  .   (no gloves)
Will    .....                   e - +1 pair of boots
Stlth   ..........              (no amulet)
HPRegen 0.14/turn               h - +4 ring of evasion
MPRegen 0.09/turn               (no ring)

@: agile, corroded
A: hooves 1, powered by pain 1
a: no special abilities


You were on level 4 of the Dungeon.
You visited 1 branch of the dungeon, and saw 4 of its levels.

You collected 127 gold pieces.

Inventory:

Hand Weapons
 a - a +0 long sword (weapon)
Armour
 b - a +0 scale mail (worn)
 c - a +0 buckler (worn)
 e - a +1 pair of boots (worn)
 f - a +0 pair of boots
 g - a +0 helmet (worn)
Jewellery
 h - a +4 ring of evasion (left hand)
Scrolls
 j - a scroll of vulnerability {unknown}
 l - a scroll of enchant weapon {unknown}
 n - a scroll of teleportation
 p - a scroll of identify {unknown}
 q - a scroll of magic mapping {unknown}
Potions
 d - a potion of might
 i - a potion of brilliance {unknown}
 k - 2 potions of haste
 m - 2 potions of flight {unknown}
 o - 2 potions of curing {unknown}
 r - a potion of degeneration {unknown}


   Skills:
 + Level 4.1 Fighting
 + Level 3.0 Long Blades
 + Level 3.7 Armour
 + Level 2.4 Dodging
 - Level 2.6 Shields


You had 4 spell levels left.
You didn't know any spells.
Your spell library was empty.

Dungeon Overview and Level Annotations

Branches:
Dungeon (4/15)
 Temple: D:4-7

Altars:
Gozag

Annotations:
D:4 Ijyb


Innate Abilities, Weirdness & Mutations

You have large cloven feet.
You sometimes gain a little power by taking damage.


Message History

There is an entrance to a sewer on this level.
Hurry and find it before the portal rusts away!
The walls and floor vibrate strangely for a moment.
There is a stone staircase leading up here.
Ijyb the Twisted Goblin comes into view.
She is wielding a +0 club and carrying a wand of acid (13).
Ijyb shouts!
Ijyb is nearby!
Ijyb is nearby!
Ijyb is nearby!
Ijyb is nearby!
Ijyb screams, "I cut your head off!"
You hit Ijyb.
Ijyb is lightly wounded.
Ijyb hits you but does no damage.
You barely miss Ijyb.
Ijyb is lightly wounded.
Ijyb zaps a wand.
The bolt of acid hits you! The acid corrodes you!
Ijyb zaps a wand.
The bolt of acid misses you.
You hit Ijyb but do no damage.
Ijyb is lightly wounded.
Ijyb barely misses you.
You hit Ijyb.
Ijyb is moderately wounded.
Ijyb barely misses you.
Unknown command.
You closely miss Ijyb.
Ijyb is moderately wounded.
Ijyb barely misses you. Ijyb hits you but does no damage.
You barely miss Ijyb.
Ijyb is moderately wounded.
Ijyb barely misses you.
Unknown command.
Ijyb zaps a wand.
The bolt of acid hits you!!
Ouch! That really hurt!
* * * LOW HITPOINT WARNING * * *
You focus on the pain.
You feel agile all of a sudden. The acid corrodes you!
Ijyb zaps a wand.
The bolt of acid hits you!!
Ouch! That really hurt!
You die...

#..... #...........
..... #...........
.....######...........
#.........#####.....
#.........+ #.....
#.........# #.....
#....รท....# #.....
#.........# #.....
#..@......# #.....
#.........# #.....
.########.........#
#.....
........g..........#
######
...................#
#..................#
#..................+
#..................
#.....############


You could see Ijyb.

Vanquished Creatures
  Natasha (twice) (D:3)
  Terence (D:2)
  An orc wizard (D:3)
  3 gnolls (D:2)
  An adder (D:2)
  3 worms
  2 dart slugs
  5 orcs
  6 endoplasms
  A giant cockroach (D:1)
  10 goblins
  6 hobgoblins
  4 jackals
  3 kobolds
  A quokka (D:2)
  7 ball pythons
  7 bats
  2 frilled lizards
  6 rats
71 creatures vanquished.

Vanquished Creatures (others)
  14 plants (D:2)
14 creatures vanquished.

Grand Total: 85 creatures vanquished

Notes
Turn   | Place    | Note
-------+----------+-------------------------------------------
     0 | D:1      | Stomo the Demonspawn Fighter began the quest for the Orb.
     0 | D:1      | Reached XP level 1. HP: 18/18 MP: 1/1
   170 | D:1      | Found a faded altar of an unknown god.
   328 | D:1      | Gained mutation: You sometimes gain a little power by
                  | taking damage. [demonic ancestry]
   328 | D:1      | Reached XP level 2. HP: 22/24 MP: 2/2
   581 | D:1      | Reached skill level 1 in Dodging
   850 | D:1      | Reached XP level 3. HP: 25/29 MP: 3/3
  1142 | D:2      | You fall into a shaft and drop 2 floors!
  1285 | D:3      | Noticed Natasha
  1291 | D:3      | Killed Natasha
  1571 | D:2      | Noticed Terence
  1590 | D:2      | Gained mutation: You have large cloven feet. [demonic
                  | ancestry]
  1590 | D:2      | Reached XP level 4. HP: 23/35 MP: 4/4
  1962 | D:2      | Killed Terence
  2100 | D:2      | Reached XP level 5. HP: 40/42 MP: 5/5
  2598 | D:3      | Noticed Natasha
  2605 | D:3      | Killed Natasha
  2725 | D:3      | Reached skill level 4 in Fighting
  2909 | D:3      | Found an opulent altar of Gozag.
  3104 | D:4      | Noticed Ijyb
  3116 | D:4      | Killed from afar by Ijyb

Illustrated notes

Levels and vault maps discovered:
D:1:      psy_arrival_conway, layout_basic,
          shapermc_ecumenical_altar_mp_highgroup
D:2:      layout_rooms, nicolae_grassy_gnolls, uniq_terence
D:3:      layout_loops_ring, nicolae_gozag_cash_rules_everything_around_me,
          grunt_ministairs_12, minmay_misc_feat_enclosed, uniq_natasha
D:4:      layout_gridville, minmay_temple_entry_statues_fountains,
          portal_sewer_entry_e, uniq_ijyb

Skill      XL: |  1  2  3  4  5 |
---------------+----------------+-----
Long Blades    | 2 3 |  3.0
Dodging        | 1 2 |  2.4
Armour         | 3 |  3.7
Fighting       | 4 |  4.1
Shields        | |  2.6

Action                   |  1- 3 |  4- 6 || total
-------------------------+-------+-------++-------
Melee: Long sword        |   114 |   137 ||   251
  Use: Scroll            |     1 |     2 ||     3
Armor: Scale mail        |    67 |    70 ||   137
Dodge: Dodged            |    53 |   123 ||   176
Block: Buckler           |    21 |    29 ||    50
